NYP
SPOKANE INDIANS @ CHICAGO (NYP) WHITE SOX
07/18/2049
 
TOP OF THE 1ST
Spokane Indians batting - Pitching for Chicago (NYP) White Sox : RHP Andrew Tipton
Pitching: RHP Andrew Tipton
Batting: RHB Rich Thurman 0-0: Ball
1-0: Foul Ball, location: 2F
1-1: SINGLE (Groundball, 34D, EV 98.8 MPH)
Batting: SHB Brace Harper 0-0: Ball
1-0: Called Strike
1-1: Foul Ball, location: 2F
1-2: Ball
Rich Thurman is caught stealing 2nd base 2-6
2-2: Ground out 4-3 (Groundball, 4, EV 85.6 MPH)
Batting: LHB Yasahiko Teshima 0-0: Called Strike
0-1: Called Strike
0-2: Ball
1-2: SINGLE (Line Drive, 4MD, EV 98.8 MPH)
Batting: RHB Dale Aubrey 0-0: Ball
1-0: Ground out 5-3 (Groundball, 56, EV 97.5 MPH)
Top of the 1st over - 0 runs, 2 hits, 0 errors, 1 left on base; Spokane 0 - Chicago (NYP) 0
BOTTOM OF THE 1ST
Chicago (NYP) White Sox batting - Pitching for Spokane Indians : LHP Bobby Carroll
Pitching: LHP Bobby Carroll
Batting: RHB Rafael Medina 0-0: Called Strike
0-1: Swinging Strike
0-2: Strikes out swinging
Batting: RHB Shintaro Katsumata 0-0: Ball
1-0: Foul Ball, location: 2F
1-1: Ball
2-1: Ball
3-1: Foul Ball, location: 2F
3-2: Foul Ball, location: 2F
3-2: Strikes out swinging
Batting: RHB Steve Byerly 0-0: Ball
1-0: Called Strike
1-1: Called Strike
1-2: Strikes out swinging
Bottom of the 1st over - 0 runs, 0 hits, 0 errors, 0 left on base; Spokane 0 - Chicago (NYP) 0
TOP OF THE 2ND
Spokane Indians batting - Pitching for Chicago (NYP) White Sox : RHP Andrew Tipton
Batting: RHB Victor Moya 0-0: Foul Ball, location: 2F
0-1: Ball
1-1: Foul Ball, location: 2F
1-2: Strikes out looking
Batting: RHB Salvador Caldera 0-0: Called Strike
0-1: Fly out, F8 (Flyball, 8LD, EV 98.8 MPH)
Batting: RHB Ron Corn 0-0: Foul Ball, location: 2F
0-1: Foul Ball, location: 2F
0-2: Strikes out looking
Top of the 2nd over - 0 runs, 0 hits, 0 errors, 0 left on base; Spokane 0 - Chicago (NYP) 0
BOTTOM OF THE 2ND
Chicago (NYP) White Sox batting - Pitching for Spokane Indians : LHP Bobby Carroll
Batting: RHB Joe Weissman 0-0: Ball
1-0: Foul Ball, location: 2F
1-1: Ball
2-1: Foul Ball, location: 2F
2-2: Ground out 6-3 (Groundball, 6D, EV 108.8 MPH)
Batting: LHB Anthony Mosley 0-0: Called Strike
0-1: Swinging Strike
0-2: Strikes out swinging
Batting: RHB Sean Peake 0-0: Foul Ball, location: 2F
0-1: Foul Ball, location: 2F
0-2: Ball
1-2: Strikes out swinging
Bottom of the 2nd over - 0 runs, 0 hits, 0 errors, 0 left on base; Spokane 0 - Chicago (NYP) 0
TOP OF THE 3RD
Spokane Indians batting - Pitching for Chicago (NYP) White Sox : RHP Andrew Tipton
Batting: RHB Mike Strey 0-0: Called Strike
0-1: Ball
1-1: Fly out, F7 (Flyball, 7S, EV 90.6 MPH)
Batting: RHB Gabe Almazan 0-0: Ball
1-0: Foul Ball, location: 2F
1-1: Called Strike
1-2: Ball
2-2: Foul Ball, location: 2F
2-2: Ball
3-2: Strikes out looking
Batting: RHB Rich Thurman 0-0: Called Strike
0-1: Called Strike
0-2: Strikes out looking
Top of the 3rd over - 0 runs, 0 hits, 0 errors, 0 left on base; Spokane 0 - Chicago (NYP) 0
BOTTOM OF THE 3RD
Chicago (NYP) White Sox batting - Pitching for Spokane Indians : LHP Bobby Carroll
Batting: SHB Manny Berrones 0-0: Ball
1-0: Ball
2-0: Foul Ball, location: 2F
2-1: Ball
3-1: DOUBLE (Line Drive, 7LM, EV 103.1 MPH)
Batting: RHB David Laureano 0-0: Ball
1-0: Ball
2-0: SINGLE (Groundball, 6MD, EV 111.2 MPH)
Manny Berrones to third
Batting: RHB Ighlas Mwara 0-0: Fly out, F9 (Flyball, 9, EV 79.4 MPH)
Batting: RHB Rafael Medina 0-0: Called Strike
0-1: Ball
1-1: Fly out, F9 (Flyball, 89S, EV 85.0 MPH)
Batting: RHB Shintaro Katsumata 0-0: Ball
1-0: Ball
2-0: Ball
3-0: Called Strike
Balk!
Manny Berrones scores
David Laureano to second
3-1: Called Strike
3-2: Strikes out swinging
Bottom of the 3rd over - 1 run, 2 hits, 0 errors, 1 left on base; Spokane 0 - Chicago (NYP) 1
TOP OF THE 4TH
Spokane Indians batting - Pitching for Chicago (NYP) White Sox : RHP Andrew Tipton
Batting: SHB Brace Harper 0-0: Hit by Pitch
Batting: LHB Yasahiko Teshima 0-0: Ball
Brace Harper steals 2nd base
1-0: Ball
2-0: Ball
3-0: Called Strike
3-1: DOUBLE (Line Drive, 9LM, EV 114.4 MPH)
Brace Harper scores
Batting: RHB Dale Aubrey 0-0: Foul Ball, location: 2F
0-1: Ball
1-1: Ground out U3 (Groundball, 3S, EV 76.2 MPH)
Yasahiko Teshima to third
Batting: RHB Victor Moya 0-0: Foul Ball, location: 2F
0-1: Swinging Strike
0-2: Foul Ball, location: 2F
0-2: Strikes out swinging
Batting: RHB Salvador Caldera 0-0: Ball
1-0: Fly out, F8 (Line Drive, 8LM, EV 101.9 MPH)
Top of the 4th over - 1 run, 1 hit, 0 errors, 1 left on base; Spokane 1 - Chicago (NYP) 1
BOTTOM OF THE 4TH
Chicago (NYP) White Sox batting - Pitching for Spokane Indians : LHP Bobby Carroll
Batting: RHB Steve Byerly 0-0: Foul Ball, location: 2F
0-1: Ball
1-1: Ball
2-1: Foul Ball, location: 2F
2-2: Ball
3-2: Ground out 5-3 (Groundball, 56, EV 83.1 MPH)
Batting: RHB Joe Weissman 0-0: Ball
1-0: Foul Ball, location: 2F
1-1: Ball
2-1: Swinging Strike
2-2: Ball
3-2: Ground out 6-3 (Groundball, 6, EV 80.0 MPH)
Batting: LHB Anthony Mosley 0-0: Called Strike
0-1: Swinging Strike
0-2: Foul Ball, location: 2F
0-2: Ground out 4-3 (Groundball, 34D, EV 80.6 MPH)
Bottom of the 4th over - 0 runs, 0 hits, 0 errors, 0 left on base; Spokane 1 - Chicago (NYP) 1
TOP OF THE 5TH
Spokane Indians batting - Pitching for Chicago (NYP) White Sox : RHP Andrew Tipton
Batting: RHB Ron Corn 0-0: Ball
1-0: Ball
2-0: Ball
3-0: Base on Balls
Batting: RHB Mike Strey 0-0: Ball
1-0: Ball
2-0: Ball
Ron Corn steals 2nd base
3-0: Base on Balls
Batting: RHB Gabe Almazan 0-0: Foul Ball, location: 2F
0-1: Called Strike
0-2: Strikes out swinging
Batting: RHB Rich Thurman 0-0: Ball
1-0: Ball
2-0: Called Strike
2-1: Called Strike
2-2: Grounds into double play, 5-4-3 (Groundball, 56S, EV 93.1 MPH)
Top of the 5th over - 0 runs, 0 hits, 0 errors, 1 left on base; Spokane 1 - Chicago (NYP) 1
BOTTOM OF THE 5TH
Chicago (NYP) White Sox batting - Pitching for Spokane Indians : LHP Bobby Carroll
Batting: RHB Sean Peake 0-0: Ball
1-0: Ball
2-0: Ball
3-0: Base on Balls
Batting: SHB Manny Berrones 0-0: Called Strike
0-1: Ball
1-1: Called Strike
1-2: Foul Ball, location: 2F
1-2: Strikes out looking
Batting: RHB David Laureano 0-0: Called Strike
0-1: Ball
1-1: Called Strike
Sean Peake steals 2nd base
1-2: Strikes out looking
Batting: RHB Ighlas Mwara 0-0: Foul Ball, location: 2F
0-1: Foul Ball, location: 2F
0-2: SINGLE (Groundball, 25, EV 75.0 MPH) (infield hit)
Sean Peake to third
Batting: RHB Rafael Medina 0-0: Ball
1-0: Foul Ball, location: 2F
1-1: Ground out 4-3 (Groundball, 4, EV 95.0 MPH)
Bottom of the 5th over - 0 runs, 1 hit, 0 errors, 2 left on base; Spokane 1 - Chicago (NYP) 1
TOP OF THE 6TH
Spokane Indians batting - Pitching for Chicago (NYP) White Sox : RHP Andrew Tipton
Batting: SHB Brace Harper 0-0: Ball
1-0: Ground out U3 (Groundball, 34, EV 82.5 MPH)
Batting: LHB Yasahiko Teshima 0-0: Foul Ball, location: 2F
0-1: Ball
1-1: Ball
2-1: Ball
3-1: Swinging Strike
3-2: Ground out 6-3 (Groundball, 6, EV 100.0 MPH)
Batting: RHB Dale Aubrey 0-0: Ball
1-0: Foul Ball, location: 2F
1-1: Called Strike
1-2: Foul Ball, location: 2F
1-2: Foul Ball, location: 2F
1-2: Ground out U3 (Groundball, 3L, EV 86.9 MPH)
Top of the 6th over - 0 runs, 0 hits, 0 errors, 0 left on base; Spokane 1 - Chicago (NYP) 1
BOTTOM OF THE 6TH
Chicago (NYP) White Sox batting - Pitching for Spokane Indians : LHP Bobby Carroll
Batting: RHB Shintaro Katsumata 0-0: Ball
1-0: SINGLE (Groundball, 4S, EV 66.9 MPH) (infield hit)
Batting: RHB Steve Byerly 0-0: Swinging Strike
0-1: SINGLE (Groundball, 56D, EV 100.0 MPH)
Shintaro Katsumata to second
Batting: RHB Joe Weissman 0-0: Called Strike
0-1: Called Strike
0-2: Ball
1-2: Ball
Wild Pitch!
Shintaro Katsumata to third
Steve Byerly to second
2-2: Ball
3-2: SINGLE (Groundball, 56D, EV 106.9 MPH)
Shintaro Katsumata scores
Steve Byerly to third
Runner from 3rd tries for Home, SAFE, throw by LF to home
Joe Weissman to second
Batting: LHB Anthony Mosley 0-0: Ball
1-0: Foul Ball, location: 2F
1-1: Ball
2-1: Fly out, F9 (Flyball, 9S, EV 84.4 MPH)
Batting: RHB Sean Peake 0-0: Called Strike
0-1: Ball
1-1: Ball
2-1: SINGLE (Groundball, 56, EV 101.9 MPH) (infield hit)
Joe Weissman to third
Pitching: LHP Valery Sahanov
Batting: SHB Manny Berrones 0-0: Ball
1-0: Ball
2-0: DOUBLE (Line Drive, 89M, EV 88.1 MPH)
Joe Weissman scores
Sean Peake to third
Runner from 3rd tries for Home, SAFE, no throw by CF
Batting: RHB David Laureano 0-0: Called Strike
0-1: Ball
1-1: Ball
2-1: Foul Ball, location: 2F
2-2: Foul Ball, location: 2F
2-2: Ball
3-2: Base on Balls
Batting: RHB Ighlas Mwara 0-0: Fly out, F4 (Line Drive, 4M, EV 69.4 MPH)
Batting: RHB Rafael Medina 0-0: Fly out, F4 (Popup, 34, EV 65.0 MPH)
Bottom of the 6th over - 4 runs, 5 hits, 0 errors, 2 left on base; Spokane 1 - Chicago (NYP) 5
TOP OF THE 7TH
Spokane Indians batting - Pitching for Chicago (NYP) White Sox : RHP Andrew Tipton
Batting: RHB Victor Moya 0-0: Called Strike
0-1: Ball
1-1: Ground out 6-3 (Groundball, 6, EV 90.0 MPH)
Batting: RHB Salvador Caldera 0-0: Ball
1-0: Called Strike
1-1: Ball
2-1: Ball
3-1: Called Strike
3-2: Fly out, F8 (Line Drive, 8LM, EV 84.4 MPH)
Batting: RHB Ron Corn 0-0: Ball
1-0: Ball
2-0: Foul Ball, location: 2F
2-1: TRIPLE (Flyball, 78XD, EV 93.8 MPH)
Batting: RHB Mike Strey 0-0: Swinging Strike
0-1: Ball
1-1: Ball
2-1: Foul Ball, location: 2F
2-2: Foul Ball, location: 2F
2-2: Strikes out looking
Top of the 7th over - 0 runs, 1 hit, 0 errors, 1 left on base; Spokane 1 - Chicago (NYP) 5
BOTTOM OF THE 7TH
Chicago (NYP) White Sox batting - Pitching for Spokane Indians : LHP Valery Sahanov
Batting: RHB Shintaro Katsumata 0-0: Fly out, F3 (Flyball, 34D, EV 92.5 MPH)
Batting: RHB Steve Byerly 0-0: Foul Ball, location: 2F
0-1: Ball
1-1: Foul Ball, location: 2F
1-2: Ball
2-2: Ball
3-2: Ground out U3 (Groundball, 23, EV 88.1 MPH)
Batting: RHB Joe Weissman 0-0: Called Strike
0-1: Foul Ball, location: 2F
0-2: Foul Ball, location: 2F
0-2: Foul Ball, location: 2F
0-2: Ground out 6-3 (Groundball, 6MS, EV 70.6 MPH)
Bottom of the 7th over - 0 runs, 0 hits, 0 errors, 0 left on base; Spokane 1 - Chicago (NYP) 5
TOP OF THE 8TH
Spokane Indians batting - Pitching for Chicago (NYP) White Sox : RHP Andrew Tipton
Batting: RHB Gabe Almazan 0-0: Called Strike
0-1: Ball
1-1: Ball
2-1: Swinging Strike
2-2: Foul Ball, location: 2F
2-2: Foul Ball, location: 2F
2-2: Ball
3-2: Foul Ball, location: 2F
3-2: Base on Balls
Pitching: RHP Mike Wheeler
Pinch Hitting: LHB Gabriel Graves 0-0: Called Strike
0-1: Ball
1-1: Ball
2-1: Ball
3-1: Base on Balls
Gabe Almazan to second
Batting: SHB Brace Harper 0-0: Called Strike
0-1: Foul Ball, location: 2F
0-2: Ball
1-2: Fielders Choice at 2nd, 3-6 (Groundball, 34, EV 83.1 MPH)
Gabe Almazan to third
Batting: LHB Yasahiko Teshima 0-0: Ball
1-0: Called Strike
1-1: Ball
2-1: Ball
3-1: Foul Ball, location: 2F
3-2: Foul Ball, location: 2F
3-2: Fly out, F8 (Flyball, 8LM, EV 90.0 MPH)
Batting: RHB Dale Aubrey 0-0: Foul Ball, location: 2F
0-1: Foul Ball, location: 2F
0-2: Strikes out swinging
Top of the 8th over - 0 runs, 0 hits, 0 errors, 2 left on base; Spokane 1 - Chicago (NYP) 5
BOTTOM OF THE 8TH
Chicago (NYP) White Sox batting - Pitching for Spokane Indians : LHP Valery Sahanov
Now at 2B: Gabriel Graves
Now at 3B: Brace Harper
Now at SS: Gabe Almazan
Batting: LHB Anthony Mosley 0-0: Ball
1-0: Called Strike
1-1: Called Strike
1-2: Ball
2-2: Foul Ball, location: 2F
2-2: Ball
3-2: SINGLE (Flyball, 5D, EV 98.8 MPH)
Batting: RHB Sean Peake 0-0: Ball
1-0: Called Strike
1-1: Called Strike
Pickoff Throw to First - Out! 1-3 CS
1-2: Ball
2-2: Ball
3-2: Foul Ball, location: 2F
3-2: Foul Ball, location: 2F
3-2: Foul Ball, location: 2F
3-2: Strikes out looking
Batting: SHB Manny Berrones 0-0: Ball
1-0: Called Strike
1-1: TRIPLE (Flyball, 7LD, EV 101.2 MPH)
Batting: RHB David Laureano 0-0: Ball
1-0: SINGLE (Groundball, 6M, EV 86.9 MPH) (infield hit)
Manny Berrones scores
Pitching: RHP Jim Vickers
Batting: RHB Ighlas Mwara 0-0: Ball
1-0: Called Strike
1-1: Ball
2-1: Foul Ball, location: 2F
2-2: Strikes out looking
Bottom of the 8th over - 1 run, 3 hits, 0 errors, 1 left on base; Spokane 1 - Chicago (NYP) 6
TOP OF THE 9TH
Spokane Indians batting - Pitching for Chicago (NYP) White Sox : RHP Mike Wheeler
Batting: RHB Victor Moya 0-0: Ball
1-0: Called Strike
1-1: Swinging Strike
1-2: Ball
2-2: Ball
3-2: Foul Ball, location: 2F
3-2: Strikes out swinging
Batting: RHB Salvador Caldera 0-0: Ball
1-0: Reached on error, E9 (Flyball, 9, EV 95.0 MPH)
Batting: RHB Ron Corn 0-0: Ball
1-0: Foul Ball, location: 2F
1-1: SINGLE (Groundball, 56D, EV 100.0 MPH)
Salvador Caldera to second
Batting: RHB Mike Strey 0-0: Called Strike
0-1: Ball
1-1: Ball
2-1: Called Strike
2-2: DOUBLE (Line Drive, 7LM, EV 95.6 MPH)
Salvador Caldera scores
Ron Corn to third
Pitching: RHP Clay Redman
Pinch Hitting: LHB Brian Gray 0-0: SINGLE (Flyball, 4D, EV 87.5 MPH)
Ron Corn scores
Mike Strey to third
Batting: LHB Gabriel Graves 0-0: Called Strike
0-1: Ball
1-1: Ball
2-1: Swinging Strike
2-2: Ball
3-2: Base on Balls
Brian Gray to second
Batting: SHB Brace Harper 0-0: Ball
1-0: Ball
2-0: Ball
Passed Ball!
Mike Strey scores
Brian Gray to third
Gabriel Graves to second
3-0: Base on Balls
Batting: LHB Yasahiko Teshima 0-0: Fly out, F8 (Flyball, 8RD, EV 96.2 MPH)
Batting: RHB Dale Aubrey 0-0: Ball
1-0: Ball
2-0: Fielders Choice at 2nd, 5-4 (Groundball, 56, EV 97.5 MPH)
Top of the 9th over - 3 runs, 3 hits, 1 error, 3 left on base; Spokane 4 - Chicago (NYP) 6
Sunday, July 16th , 2023 - OOTP Baseball 24.6 Build 69